 Dungeon Crawl Stone Soup version 0.24-a0-317-g5cb8de4 (webtiles) character file.

Game seed: 18240473552835498452

20 ShaftsSuck the Stinger (level 2, -2/17 HPs)
             Began as an Octopode Venom Mage on May 17, 2019.
             Slain by a jackal (3 damage)
             ... on level 1 of the Dungeon.
             The game lasted 00:03:08 (1309 turns).

ShaftsSuck the Stinger (Octopode Venom Mage)        Turns: 1309, Time: 00:03:08

Health: -2/17      AC:  1    Str:  5 (7)  XL:     2   Next: 79%
Magic:  5/5        EV: 13    Int: 20 (22) God:
Gold:   18         SH:  0    Dex: 11 (12) Spells: 2/5 levels left

rFire    . . .     SeeInvis .   f - +0 short sword
rCold    . . .     Gourm    .   (no shield)
rNeg     . . .     Faith    .   (helmet restricted)
rPois    .         Spirit   .   (no amulet)
rElec    .         Reflect  .   (no ring)
rCorr    .         Harm     .   (no ring)
MR       .....                  (no ring)
Stlth    +++.......             (no ring)
HPRegen  0.05/turn              (no ring)
MPRegen  0.09/turn              (no ring)
                                (no ring)
                                (no ring)

@: brilliant
A: almost no armour, stealthy swim, amphibious, 8 rings, constrict 8, camouflage
1, gelatinous body 1
a: no special abilities


You were on level 1 of the Dungeon.
You were not hungry.

You visited 1 branch of the dungeon, and saw 1 of its levels.

You collected 18 gold pieces.

Inventory:

Hand Weapons
 c - a +0 club
 f - a +0 short sword (weapon)
Missiles
 a - 14 stones
 i - 15 poisoned darts (quivered)
Scrolls
 e - a scroll of remove curse {unknown}
 h - a scroll of enchant armour {unknown}
Potions
 k - a potion of heal wounds {unknown}
Comestibles
 b - 3 rations


   Skills:
 + Level 0.3 Fighting
 + Level 0.2 Short Blades
 + Level 0.2 Maces & Flails
 + Level 2.0 Dodging
 + Level 3.1 Stealth
 + Level 2.0 Spellcasting
 + Level 1.0 Conjurations
 * Level 0.5 Air Magic
 + Level 4.1 Poison Magic


You had 2 spell levels left.
You knew the following spells:

 Your Spells              Type           Power        Failure   Level  Hunger
a - Sting                 Conj/Pois      ###.         1%          1    #......
b - Poisonous Vapours     Pois/Air       ###...       1%          2    ##.....

Your spell library contained the following spells:

 Spells                   Type           Power        Failure   Level  Hunger
 Mephitic Cloud           Conj/Pois/Air  ###.....     2%          3    ###....
 Olgreb's Toxic Radiance  Pois           ####....     3%          4    #####..
 Venom Bolt               Conj/Pois      ###.......   16%         5    ######.


Dungeon Overview and Level Annotations

Branches:
Dungeon (1/15)

Altars:
Ashenzari


Innate Abilities, Weirdness & Mutations

You cannot wear most types of armour.
You are very stealthy in the water. (Stealth+)
You are amphibious.
You can wear up to eight rings at the same time.
You can use your tentacles to constrict eight enemies at once.
Your skin changes colour to match your surroundings (Stealth+).
Your rubbery body absorbs attacks. (AC +1, EV +1)


Message History

You miss the jackal. Your grab misses the jackal. The jackal bites you.
You hit the jackal. Your grab misses the jackal. You squeeze the jackal.
The jackal is almost dead.
You hit the jackal but do no damage. Your grab misses the jackal.
The jackal is almost dead.
The jackal bites you.
* * * LOW HITPOINT WARNING * * *
The jackal bites you.
* * * LOW HITPOINT WARNING * * *
The jackal misses you. The jackal bites you.
* * * LOW HITPOINT WARNING * * *
It was a potion of brilliance.
You feel clever all of a sudden. The jackal barely misses you.
The jackal bites you.
* * * LOW HITPOINT WARNING * * *
It was a potion of degeneration.
There was something very wrong with that liquid.
You feel weakened.
You feel dopey.
You feel clumsy. The jackal bites you.
You die...

#..........#.......
#..........#.......
#.....?....######'#
#..........'....#.#
#..........####)#.#
#.....[....#..#.#.#
#..........+..#.#.#
#..........##.#....
#h@......)....###.#
#h########......#..
#hh...........#.#.#
#....#..........#..
#....#.###.##...#..
#....# #.........
#....#.###.###.####
#....#.............
#....#..###.##.....


You could see 3 jackals.

Vanquished Creatures
  A leopard gecko (D:1)
  3 bats (D:1)
  A goblin (D:1)
  6 hobgoblins (D:1)
  3 kobolds (D:1)
  2 rats (D:1)
16 creatures vanquished.

Notes
Turn   | Place    | Note
-------+----------+-------------------------------------------
     0 | D:1      | ShaftsSuck the Octopode Venom Mage began the quest for the
                  | Orb.
     0 | D:1      | Reached XP level 1. HP: 11/11 MP: 3/3
   123 | D:1      | Found a shattered altar of Ashenzari.
   137 | D:1      | Reached skill level 4 in Poison Magic
   188 | D:1      | Reached XP level 2. HP: 8/17 MP: 5/5
   353 | D:1      | Learned a level 2 spell: Poisonous Vapours
  1309 | D:1      | Slain by a jackal

Levels and vault maps discovered:
D:1:      nzn_arrival_depleted_hourglass, layout_basic, minmay_misc_feat_x,
          ashenzari_altar_1

Skill      XL: |  1  2 |
---------------+-------+-----
Poison Magic   | 4 |  4.1
Stealth        | 3 |  3.1
Fighting       | |  0.3
Short Blades   | |  0.2
Maces & Flails | |  0.2
Dodging        | |  2.0
Spellcasting   | |  2.0
Conjurations   | |  1.0
Air Magic      | |  0.5

Action                   || total
-------------------------++-------
Melee: Club              ||    21
       Constrict         ||    12
       Tentacles         ||     6
       Unarmed           ||     1
       Short sword       ||    21
Throw: Stone             ||    16
       Dart              ||     9
 Cast: Sting             ||     4
       Poisonous Vapours ||     1
  Use: Potion            ||     2
 Stab: Sleeping          ||     3
  Eat: Chunk             ||     1
Armor: Skin              ||     5
Dodge: Dodged            ||    37

Table legend:
 A = Non-vault XP
 B = Vault XP
 C = Vault XP percentage of total XP
 D = Non-vault monster count
 E = Vault monster count
 F = Vault count percentage of total count
                 A         B        C        D         E       F
            +---------+---------+-------+---------+---------+-------
      Total |      29 |       0 |   0.0 |      16 |       0 |   0.0
            +---------+---------+-------+---------+---------+-------
        D:1 |      29 |       0 |   0.0 |      16 |       0 |   0.0
            +---------+---------+-------+---------+---------+-------
